 Dungeon Crawl Stone Soup version 0.21-a0-257-gbb444f2 (webtiles) character file.

129 Deemzul the Conjurer (level 5, -8/31 HPs)
             Began as an Octopode Conjurer on Sept 6, 2017.
             Killed from afar by AvylaarBelgium's ghost (11 damage)
             ... with a puff of flame
             ... on level 4 of the Dungeon.
             The game lasted 00:02:54 (2873 turns).

Deemzul the Conjurer (Octopode Conjurer)            Turns: 2873, Time: 00:02:55

Health: -8/31      AC:  1    Str:  7    XL:     5   Next: 12%
Magic:  7/9        EV: 14    Int: 19    God:
Gold:   209        SH:  0    Dex: 12    Spells: 8/9 levels left

rFire    . . .     SeeInvis .   (no weapon)
rCold    . . .     Gourm    .   (no shield)
rNeg     . . .     Faith    .   (helmet restricted)
rPois    .         Spirit   .   (no amulet)
rElec    .         Reflect  .   (no ring)
rCorr    .         Harm     .   (no ring)
MR       .....                  (no ring)
Stlth    +++.......             (no ring)
HPRegen  0.10/turn              (no ring)
MPRegen  0.11/turn              (no ring)
                                (no ring)
                                (no ring)

@: no status effects
A: almost no armour, stealthy swim, amphibious, 8 rings, constrict 8, camouflage
1, gelatinous body 1
a: no special abilities


You were on level 4 of the Dungeon.
You were not hungry.

You visited 1 branch of the dungeon, and saw 4 of its levels.

You collected 209 gold pieces.

Inventory:

Jewellery
 h - a cursed ring of teleportation {unknown}
Scrolls
 d - 4 scrolls of identify {unknown}
 e - 4 scrolls of remove curse {unknown}
 f - 2 scrolls of magic mapping {unknown}
 g - a scroll of recharging {unknown}
 j - a scroll of enchant armour {unknown}
 m - a scroll of random uselessness {unknown}
 n - a scroll of immolation {unknown}
 o - a scroll of enchant weapon {unknown}
 p - 3 scrolls of teleportation {unknown}
Potions
 i - a potion of mutation {unknown}
 l - 2 potions of lignification {unknown}
 q - a potion of might {unknown}
Books
 a - a book of Conjurations

   Spells                             Type                      Level
   a - Magic Dart                     Conjuration                  1
   b - Searing Ray                    Conjuration                  2
   c - Dazzling Spray                 Conjuration/Hexes            3
   d - Fulminant Prism                Conjuration/Hexes            4
   e - Force Lance                    Conjuration/Translocation    4
   f - Iskenderun's Mystic Blast      Conjuration                  4
Comestibles
 b - 4 bread rations
 c - 2 meat rations
 k - a royal jelly
 r - a chunk of flesh


   Skills:
 + Level 2.6 Dodging
 + Level 3.8 Stealth
 + Level 2.7 Spellcasting
 * Level 5.2 Conjurations


You had 8 spell levels left.
You knew the following spells:

 Your Spells              Type           Power        Failure   Level  Hunger
a - Magic Dart            Conj           ###.         1%          1    None


Dungeon Overview and Level Annotations

Branches:
Dungeon (4/15)
 Temple: D:4-7

Altars:

Annotations:
D:4 AvylaarBelgium's ghost, amateur DEFE


Innate Abilities, Weirdness & Mutations

You cannot wear most types of armour.
You are very stealthy in the water. (Stealth+)
You are amphibious.
You can wear up to eight rings at the same time.
You can use your tentacles to constrict eight enemies at once.
Your skin changes colour to match your surroundings (Stealth+).
Your rubbery body absorbs attacks. (AC +1, EV +1)


Message History

The magic dart hits AvylaarBelgium's ghost.
AvylaarBelgium's ghost is heavily damaged.
Casting: Magic Dart
Confirm with . or Enter, or press ? or * to list all spells.
Aiming: Magic Dart
Press: ? - help, Shift-Dir - straight line, f/p - AvylaarBelgium's ghost
Aim: AvylaarBelgium's ghost, wielding a weapon of freezing (heavily damaged)
The magic dart hits AvylaarBelgium's ghost.
AvylaarBelgium's ghost is heavily damaged.
AvylaarBelgium's ghost gestures at you while chanting.
The flame tongue hits you!
AvylaarBelgium's ghost gestures at you while chanting.
The puff of flame hits you!
* * * LOW HITPOINT WARNING * * *
Okay, then.
AvylaarBelgium's ghost casts a spell at you.
The puff of flame misses you.
AvylaarBelgium's ghost points at you and mumbles some strange words.
The puff of flame hits you!
You die...

#.#..#W##..##.##[#
.........W........#
##.##.####..#####.#
#......W#####.#
#######.......#
#.......#####.#
#.......#
##.#######
#.......#
##....#....
#...@...#
#.#.......
#...<...#
##(...#....
#.).....# ##..##
### #.......# #..#
######.######..###
###.###.......#
#.......##..#.#
#.#^##..##..#.#
.............# #


You could see AvylaarBelgium's ghost.

Vanquished Creatures
  A gnoll (D:1)
  3 adders (D:2)
  An ooze (D:1)
  2 dart slugs (D:1)
  6 leopard geckos
  7 orcs (D:3)
  10 bats
  6 giant cockroaches
  6 hobgoblins
  6 kobolds
  A quokka (D:3)
  A ball python (D:3)
  4 frilled lizards
  11 goblins
  5 rats
70 creatures vanquished.

Notes
Turn   | Place    | Note
-------+----------+-------------------------------------------
     0 | D:1      | Deemzul the Octopode Conjurer began the quest for the Orb.
     0 | D:1      | Reached XP level 1. HP: 11/11 MP: 3/3
   136 | D:1      | Reached XP level 2. HP: 3/17 MP: 1/5
   371 | D:1      | Reached XP level 3. HP: 18/21 MP: 1/6
  1060 | D:2      | Reached XP level 4. HP: 11/27 MP: 0/7
  1487 | D:2      | Reached skill level 5 in Conjurations
  2158 | D:3      | Reached XP level 5. HP: 31/31 MP: 2/8
  2852 | D:4      | Noticed AvylaarBelgium's ghost (amateur DEFE)
  2873 | D:4      | Killed from afar by AvylaarBelgium's ghost

Vault maps used:
D:1:      matt_arrival_diagonals
D:2:      minmay_split_cup_small
D:3:      first_bread, serial_bayou, serial_bayou_shore_a, serial_bayou_pond_e,
          serial_bayou_shore_b, serial_bayou_pond_e
D:4:      uniq_eustachio

Skill      XL: |  1  2  3  4 |
---------------+-------------+-----
Stealth        | 3 |  3.8
Conjurations   | 5 |  5.2
Dodging        | |  2.6
Spellcasting   | |  2.7

Action                   |  1- 3 |  4- 6 || total
-------------------------+-------+-------++-------
Melee: Unarmed           |    24 |    14 ||    38
       Constrict         |     6 |     4 ||    10
       Tentacles         |     6 |     1 ||     7
 Cast: Magic Dart        |    58 |    64 ||   122
  Eat: Chunk             |     1 |     6 ||     7
Armor: Skin              |     2 |       ||     2
Dodge: Dodged            |    12 |    11 ||    23

Table legend:
 A = Spawn XP
 B = Non-spawn XP
 C = Spawn XP percentage of total XP
 D = Spawn monster count
 E = Non-spawn monster count
 F = Spawn count percentage of total count
 G = Total turns spent on level
                    A         B        C        D         E        F      G
               +---------+---------+-------+---------+---------+-------+---------
         Total |       0 |     185 |   0.0 |       0 |      70 |   0.0 |  2873
               +---------+---------+-------+---------+---------+-------+---------
           D:1 |       0 |      70 |   0.0 |       0 |      28 |   0.0 |   956
           D:2 |       0 |      65 |   0.0 |       0 |      19 |   0.0 |   778
           D:3 |       0 |      47 |   0.0 |       0 |      22 |   0.0 |  1074
           D:4 |       0 |       3 |   0.0 |       0 |       1 |   0.0 |    65
               +---------+---------+-------+---------+---------+-------+---------
